 Dungeon Crawl Stone Soup version 0.20-a0-1127-g1289703 (webtiles) character file.

501 Lexie the Firebug (level 7, -2/41 HPs)
             Began as an Octopode Fire Elementalist on May 18, 2017.
             Slain by a centaur (5 damage)
             ... on level 4 of the Dungeon.
             The game lasted 00:06:50 (5302 turns).

Lexie the Firebug (Octopode Fire Elementalist)      Turns: 5302, Time: 00:06:50

Health: -2/41      AC:  1    Str:  8    XL:     7   Next: 17%
Magic:  0/13       EV: 13    Int: 19    God:
Gold:   253        SH:  0    Dex: 12    Spells: 4/14 levels left

rFire    . . .     SeeInvis .   h - +0 dagger
rCold    . . .     Gourm    .   (no shield)
rNeg     . . .     Faith    .   (helmet restricted)
rPois    .         Spirit   .   (no amulet)
rElec    .         Reflect  .   g - ring of resist corrosion
rCorr    +         Harm     .   (no ring)
MR       .....                  (no ring)
Stlth    +++.......             (no ring)
Regen    0.2/turn               (no ring)
MPRegen  0.2/turn               (no ring)
                                (no ring)
                                (no ring)

@: very slightly contaminated
A: almost no armour, stealthy swim, amphibious, 8 rings, constrict 8, camouflage
1, gelatinous body 1
a: no special abilities


You were on level 4 of the Dungeon.
You were near starving.

You visited 1 branch of the dungeon, and saw 4 of its levels.

You collected 253 gold pieces.

Inventory:

Hand Weapons
 h - a +0 dagger (weapon)
Jewellery
 g - a ring of resist corrosion (left tentacle)
 r - an uncursed ring of positive energy {unknown}
 v - an uncursed ring of protection from magic {unknown}
Scrolls
 c - a scroll of noise {unknown}
 e - 2 scrolls of magic mapping {unknown}
 f - 2 scrolls of identify {unknown}
 k - a scroll of enchant weapon {unknown}
 m - a scroll of random uselessness {unknown}
 n - a scroll of teleportation {unknown}
 q - a scroll of enchant armour {unknown}
 s - a scroll of recharging {unknown}
 y - a scroll of remove curse {unknown}
Potions
 i - a potion of heal wounds {unknown}
 j - 3 potions of brilliance {unknown}
 l - a potion of agility
 o - a potion of curing
 p - a potion of mutation {unknown}
 u - a potion of might {unknown}
 w - a potion of lignification {unknown}
 x - a potion of haste {unknown}
Books
 a - a book of Flames

   Spells                             Type                      Level
   a - Flame Tongue                   Conjuration/Fire             1
   b - Throw Flame                    Conjuration/Fire             2
   c - Conjure Flame                  Conjuration/Fire             3
   d - Inner Flame                    Hexes/Fire                   3
   e - Sticky Flame                   Conjuration/Fire             4
   f - Fireball                       Conjuration/Fire             5
Comestibles
 b - 3 bread rations
 d - a meat ration
 t - 3 royal jellies


   Skills:
 - Level 2.0 Dodging
 - Level 2.6 Stealth
 + Level 4.3 Spellcasting
 + Level 4.1 Conjurations
 + Level 5.1 Fire Magic


You had 4 spell levels left.
You knew the following spells:

 Your Spells              Type           Power        Failure   Level  Hunger
a - Flame Tongue          Conj/Fire      ###..        1%          1    None
b - Throw Flame           Conj/Fire      ###...       3%          2    #......
c - Conjure Flame         Conj/Fire      ###.....     6%          3    ###....
d - Sticky Flame          Conj/Fire      ###.....     21%         4    ####...


Dungeon Overview and Level Annotations

Branches:
Dungeon (4/15)
 Temple: D:4-7

Altars:
Gozag
Sif Muna


Innate Abilities, Weirdness & Mutations

You cannot wear most types of armour.
You are very stealthy in the water. (Stealth+)
You are amphibious.
You can wear up to eight rings at the same time.
You can use your tentacles to constrict eight enemies at once.
Your skin changes colour to match your surroundings (Stealth+).
Your rubbery body absorbs attacks. (AC +1, EV +1)


Message History

You are near starving!
The centaur hits you.
* * * LOW HITPOINT WARNING * * *
Casting: Sticky Flame
Confirm with . or Enter, or press ? or * to list all spells.
Aiming: Sticky Flame
Press: ? - help, Shift-Dir - straight line, f/p - centaur
Aim: a centaur (moderately wounded)
The sticky flame hits the centaur.
The centaur is heavily wounded.
The centaur is covered in liquid flames!
The centaur burns!
The centaur barely misses you. x2
You hit the centaur but do no damage.
The centaur is heavily wounded.
The centaur burns!
The centaur hits you!
* * * LOW HITPOINT WARNING * * *
You hit the centaur but do no damage. You squeeze the centaur.
The centaur is almost dead.
The centaur burns!
The centaur hits you.
You die...

#≈≈._.≈≈##...#.#...#
#≈≈...≈≈###..#.#...#
#≈≈≈≈≈≈≈###..#.#...#
##≈≈≈≈≈##....#.#...#
#######.##..#.#####
#####.#.# #.#.#
#########.#.#
#.@.........#
#c########..#######
#.#...#....>......#
######(...c(...#.##..#.#
#.......c......#.##..#.#
#.#####..........##....#
#.####.#.####..### #.#
#.#.......# #####.#
#.###..####


You could see a centaur (burning).

Vanquished Creatures
  A bullfrog (D:4)
  A hound (D:4)
  2 orc priests (D:4)
  Ijyb (D:3)
  Natasha (thrice) (D:3)
  An orc wizard (D:4)
  A worker ant (D:4)
  8 adders
  2 oozes
  2 adder skeletons
  4 worms
  4 dart slugs
  A leopard gecko (D:1)
  6 orcs
  4 giant cockroaches
  9 goblins
  6 hobgoblins
  10 jackals
  4 kobolds
  3 quokkas
  6 bats
  13 frilled lizards
  12 rats
104 creatures vanquished.

Notes
Turn   | Place    | Note
-------+----------+-------------------------------------------
     0 | D:1      | Lexie the Octopode Fire Elementalist began the quest for the Orb.
     0 | D:1      | Reached XP level 1. HP: 11/11 MP: 3/3
    72 | D:1      | Reached XP level 2. HP: 17/17 MP: 1/5
   646 | D:1      | Reached XP level 3. HP: 21/21 MP: 3/6
   650 | D:1      | Learned a level 2 spell: Throw Flame
   654 | D:1      | Learned a level 3 spell: Conjure Flame
  1340 | D:2      | Reached XP level 4. HP: 25/27 MP: 4/8
  1804 | D:2      | Found an opulent altar of Gozag.
  2221 | D:3      | Noticed Natasha
  2228 | D:3      | Killed Natasha
  2228 | D:3      | Reached XP level 5. HP: 22/31 MP: 5/9
  2353 | D:3      | Noticed Natasha
  2679 | D:3      | Reached skill level 4 in Fire Magic
  2864 | D:3      | Noticed Ijyb
  3004 | D:3      | Killed Ijyb
  3499 | D:3      | Killed Natasha
  3499 | D:3      | Reached XP level 6. HP: 28/36 MP: 3/11
  3505 | D:3      | Learned a level 4 spell: Sticky Flame
  3803 | D:3      | Noticed Natasha
  3807 | D:3      | Killed Natasha
  4669 | D:4      | Reached skill level 5 in Fire Magic
  4669 | D:4      | Reached XP level 7. HP: 41/41 MP: 5/13
  5247 | D:4      | Found a deep blue altar of Sif Muna.
  5302 | D:4      | Slain by a centaur

Vault maps used:
D:1:      dpeg_arrival_rooms_b, hangedman_decor_growths,
          hangedman_feature_mirror
D:2:      grunt_gozag_breadcrumbs, first_bread
D:3:      uniq_natasha, uniq_ijyb
D:4:      led_sif_pool

Skill      XL: |  1  2  3  4  5  6 |
---------------+-------------------+-----
Conjurations   | 2 3 4 |  4.1
Spellcasting   | 3 4 |  4.3
Fire Magic     | 4 5 |  5.1
Dodging        | |  2.0
Stealth        | |  2.6

Action                   |  1- 3 |  4- 6 |  7- 9 || total
-------------------------+-------+-------+-------++-------
Melee: Unarmed           |     8 |       |       ||     8
       Constrict         |     3 |     2 |     1 ||     6
       Tentacles         |     1 |     1 |     2 ||     4
       Dagger            |     1 |    18 |     6 ||    25
 Cast: Flame Tongue      |    54 |   136 |    11 ||   201
       Throw Flame       |     2 |     9 |     3 ||    14
       Conjure Flame     |       |     2 |       ||     2
       Sticky Flame      |       |     1 |     1 ||     2
  Eat: Chunk             |     1 |    10 |     2 ||    13
Armor: Skin              |     2 |     6 |     1 ||     9
Dodge: Dodged            |    18 |    48 |     6 ||    72
